Map: Eternal Empire LE

Players

Zaechus - Winner!

  • Race: Protoss Protoss
  • League: Diamond
  • Spawn Location: 1:00

sigma

  • Race: Zerg Zerg
  • League: Diamond
  • Spawn Location: 7:00

VOD

Have the link to the VOD?

Description

Voids help save me

Time

  • Played on: July 10, 2020, 9:02 p.m.
  • Length: 19:15
Show
View Real Time Build Order
Export as new Build Order

Zaechus Protoss - Winner!

Build Orders: 1 Gate Expand, Oracle Opening, Carriers 

Get SALT Encoding   

  12  0:00  Probe  
  13  0:12  Probe  
  14  0:19  Pylon  
  14  0:24  Probe  
  15  0:37  Probe  
  15  0:39  Gateway  
  16  0:45  Probe  
  16  0:47  Assimilator  
  17  0:53  Probe  
  17  1:04  Probe  
  19  1:16  Probe  
  20  1:27  Nexus  
  20  1:39  Cybernetics Core  
  20  1:41  Probe  
  21  1:47  Assimilator  
  21  1:53  Probe  
  22  2:00  Pylon  
  22  2:05  Probe  
  22  2:08  Stalker  
  23  2:14  Probe  
  23  2:22  Probe  
  27  2:32  Probe, Stargate  
  28  2:38  Warp Gate  
  28  2:39  Probe  
  29  2:44  Probe  
  29  2:47  Probe  
  29  2:50  Adept  
  33  2:58  Probe  
  33  2:59  Probe  
  35  3:06  Oracle  
  35  3:10  Probe  
  35  3:11  Probe  
  40  3:22  Probe  
  40  3:24  Gateway  
  40  3:25  Pylon  
  42  3:27  Probe  
  42  3:33  Oracle  
  42  3:34  Probe  
  42  3:39  Probe  
  44  3:46  Probe  
  47  3:51  Probe  
  47  3:53  Assimilator  
  47  3:54  Assimilator  
  48  3:57  Pylon  
  48  3:58  Probe  
  49  4:03  Probe  
  50  4:10  Probe  
  50  4:15  Probe  
  50  4:16  Forge  
  52  4:22  Probe  
  53  4:27  Probe  
  54  4:32  Nexus  
  54  4:33  Pylon  
  51  4:54  Probe  
  51  4:55  Protoss Shields Level 1, Probe  
  53  5:06  Probe  
  53  5:07  Probe  
  55  5:10  Protoss Air Weapons Level 1  
  55  5:13  Adept x2  
  59  5:18  Probe  
  59  5:19  Oracle, Probe  
  64  5:22  Stargate  
  64  5:28  Pylon  
  64  5:34  Probe x2, Pylon  
  66  5:46  Probe x2  
  66  5:48  Probe  
  69  5:55  Adept x2  
  69  5:56  Probe x2  
  73  5:57  Probe  
  73  5:59  Pylon  
  73  6:02  Assimilator  
  76  6:04  Probe x2  
  76  6:05  Probe  
  76  6:09  Oracle x2  
  85  6:12  Probe x2  
  85  6:14  Probe  
  88  6:24  Probe x2  
  88  6:25  Photon Cannon  
  90  6:26  Photon Cannon  
  90  6:28  Photon Cannon  
  90  6:30  Photon Cannon  
  90  6:32  Photon Cannon  
  90  6:34  Photon Cannon  
  90  6:38  Probe x3  
  90  6:39  Shield Battery  
  93  6:40  Shield Battery  
  93  6:43  Shield Battery, Assimilator  
  93  6:46  Oracle x2, Pylon  
  99  6:50  Probe  
  99  6:51  Stargate  
  100  6:54  Probe x2  
  102  7:02  Probe  
  102  7:06  Probe x2  
  105  7:08  Photon Cannon  
  105  7:10  Photon Cannon  
  105  7:11  Shield Battery  
  105  7:12  Photon Cannon  
  105  7:14  Probe  
  105  7:15  Shield Battery  
  106  7:18  Probe  
  107  7:25  Oracle x2, Fleet Beacon  
  113  7:30  Twilight Council  
  113  7:49  Adept x2  
  117  7:57  Pylon x2  
  107  8:24  Stalker x2  
  109  8:28  Shield Battery  
  109  8:29  Shield Battery  
  109  8:32  Shield Battery  
  103  8:36  Carrier x3  
  121  8:53  Stargate, Probe  
  121  8:54  Probe x2  
  124  9:04  Adept x2  
  128  9:17  Photon Cannon  
  128  9:18  Photon Cannon  
  128  9:20  Photon Cannon  
  128  9:22  Photon Cannon  
  128  9:24  Photon Cannon  
  128  9:25  Photon Cannon, Shield Battery  
  128  9:26  Adept x2  
  128  9:28  Shield Battery  
  128  9:31  Shield Battery  
  132  9:33  Shield Battery  
  132  9:44  Protoss Shields Level 2  
  132  9:58  Pylon  
  132  10:00  Pylon  
  132  10:03  Protoss Air Weapons Level 2, Pylon  
  132  10:17  Photon Cannon  
  132  10:18  Photon Cannon  
  132  10:20  Photon Cannon, Stalker  
  134  10:21  Shield Battery  
  134  10:24  Nexus  
  134  10:26  Pylon  
  134  10:28  Pylon  
  134  10:33  Pylon  
  146  10:38  Pylon  
  146  10:59  Photon Cannon  
  146  11:00  Photon Cannon  
  146  11:02  Photon Cannon  
  146  11:04  Shield Battery  
  146  11:07  Shield Battery  
  146  11:09  Photon Cannon  
  146  11:11  Shield Battery  
  146  11:14  Photon Cannon  
  146  11:15  Shield Battery  
  131  11:31  Carrier x2  
  131  11:39  Stargate  
  131  11:42  Stargate  
  131  11:44  Charge  
  131  11:46  Templar Archives, Probe  
  144  11:47  Stargate  
  144  11:48  Assimilator  
  144  11:52  Photon Cannon, Adept x2  
  148  11:55  Assimilator  
  148  12:07  Photon Cannon  
  148  12:09  Shield Battery  
  148  12:13  Pylon  
  148  12:18  Protoss Shields Level 3  
  148  12:22  Stargate  
  148  12:33  Stalker x2  
  152  12:39  Protoss Air Weapons Level 3  
  152  12:55  Nexus  
  152  13:04  Void Ray x5  
  146  13:07  Void Ray  
  146  13:09  High Templar x2  
  146  13:10  Nexus  
  146  13:12  Pylon  
  132  13:16  Pylon  
  147  13:20  Assimilator  
  147  13:24  Archon  
  138  13:29  Psionic Storm  
  138  13:38  Pylon  
  138  13:46  Void Ray  
  138  13:47  Void Ray x4  
  158  13:50  Gateway x2  
  158  14:00  Photon Cannon  
  158  14:15  Void Ray  
  158  14:22  High Templar x2  
  162  14:31  Photon Cannon  
  162  14:34  Photon Cannon  
  162  14:36  Photon Cannon  
  162  14:38  Photon Cannon  
  162  14:41  Shield Battery  
  162  14:42  Shield Battery  
  162  14:44  Shield Battery, Carrier  
  168  14:47  High Templar x2, Shield Battery  
  168  14:50  Shield Battery  
  172  14:54  Photon Cannon  
  124  15:23  High Templar x4  
  118  15:40  Probe  
  118  15:41  Probe x2, Void Ray x4  
  118  15:42  Void Ray x2  
  121  15:53  Probe x3  
  148  16:05  Probe x2, Nexus  
  148  16:08  Assimilator  
  150  16:12  Assimilator  
  150  16:15  Pylon  
  150  16:18  Pylon  
  131  16:28  High Templar x3  
  131  16:35  Protoss Ground Weapons Level 1  
  131  16:36  Probe  
  131  16:37  High Templar, Probe x3  
  134  16:41  Carrier  
  134  16:44  Probe  
  134  16:45  Probe x3  
  137  16:50  Void Ray  
  137  16:51  Protoss Air Armor Level 1  
  151  16:54  Probe x2  
  153  17:07  Pylon  
  153  17:10  Photon Cannon  
  153  17:12  High Templar x2  
  153  17:13  Photon Cannon  
  153  17:14  Zealot x2  
  153  17:15  Photon Cannon, Carrier  
  161  17:17  Shield Battery  
  161  17:19  Shield Battery  
  161  17:31  Robotics Facility  
  161  17:36  Archon x2  
  167  17:39  High Templar x2  
  171  17:55  Carrier  
  165  17:58  Carrier  
  149  18:06  Zealot  
  149  18:07  Zealot  
  157  18:13  Zealot x2  
  157  18:28  Void Ray x3  
  141  18:36  Zealot x4  
  141  18:41  Probe x3  
  162  19:02  Zealot x2  
  164  19:03  Zealot x2  
Show
View Real Time Build Order
Export as new Build Order

sigma Zerg 

Build Orders: Hatch First 

Get SALT Encoding   

  12  0:02  Drone  
  13  0:12  Overlord  
  13  0:17  Drone  
  14  0:32  Drone  
  14  0:33  Drone  
  16  0:49  Hatchery  
  15  0:52  Drone  
  16  0:57  Drone  
  16  1:00  Drone  
  18  1:11  Extractor  
  17  1:15  Spawning Pool  
  17  1:18  Drone  
  17  1:21  Drone  
  18  1:29  Drone  
  19  1:39  Drone  
  20  1:49  Overlord  
  20  2:02  Queen x2  
  20  2:03  Drone x2  
  26  2:11  Metabolic Boost  
  26  2:15  Drone x2  
  28  2:31  Hatchery  
  28  2:34  Drone  
  28  2:36  Drone  
  29  2:40  Drone  
  30  2:47  Queen  
  30  2:49  Zergling x2  
  33  2:52  Drone  
  33  2:55  Drone  
  35  3:00  Overlord  
  35  3:04  Zergling x2  
  36  3:10  Overlord  
  36  3:12  Extractor  
  36  3:13  Extractor, Drone x2  
  38  3:20  Overlord  
  38  3:21  Drone x2  
  40  3:29  Drone x2  
  42  3:35  Drone  
  42  3:39  Drone  
  42  3:41  Lair  
  44  3:43  Drone x2  
  44  3:47  Roach Warren  
  45  3:50  Drone  
  45  3:51  Evolution Chamber, Extractor  
  45  3:53  Drone  
  45  4:02  Drone x5  
  50  4:03  Drone  
  51  4:11  Drone  
  51  4:12  Extractor, Drone x2  
  53  4:23  Spore Crawler, Drone  
  53  4:24  Spore Crawler, Drone  
  53  4:25  Spore Crawler, Drone x2  
  53  4:26  Drone  
  53  4:28  Drone  
  53  4:29  Extractor  
  53  4:30  Drone  
  56  4:33  Zerg Missile Weapons Level 1  
  55  4:39  Zergling x6  
  57  4:52  Drone x3  
  53  4:53  Drone x4  
  53  4:54  Drone  
  53  4:55  Drone  
  53  4:59  Roach, Drone  
  62  5:12  Queen  
  64  5:17  Drone x2  
  66  5:24  Hatchery  
  66  5:27  Overlord x3  
  65  5:29  Glial Reconstitution  
  65  5:30  Overseer  
  65  5:40  Drone  
  65  5:41  Overlord x2  
  66  5:44  Overlord x2  
  66  5:46  Drone x3  
  66  5:47  Drone x3  
  71  5:54  Roach x3  
  71  5:55  Roach  
  79  5:59  Roach x2  
  79  6:02  Roach x2  
  79  6:03  Overseer  
  86  6:07  Roach x2  
  86  6:10  Extractor  
  86  6:11  Extractor, Drone x2  
  88  6:12  Drone  
  91  6:19  Roach x2  
  91  6:24  Roach  
  97  6:30  Roach x2  
  97  6:31  Roach  
  97  6:32  Roach  
  105  6:35  Overlord x2  
  105  6:39  Roach  
  107  6:41  Overlord  
  107  6:45  Roach x2  
  107  6:46  Overlord  
  111  6:52  Overlord  
  111  6:56  Roach x5  
  111  6:57  Ravager  
  111  6:58  Ravager x4, Drone  
  127  7:01  Drone  
  127  7:02  Drone x2  
  127  7:07  Zergling x6  
  133  7:12  Zerg Missile Weapons Level 2  
  133  7:13  Roach  
  133  7:14  Roach x3  
  141  7:18  Roach x3  
  141  7:19  Unknown  
  141  7:20  Overlord  
  146  7:26  Roach x2  
  146  7:28  Overlord  
  150  7:30  Roach  
  152  7:40  Drone x2  
  152  7:41  Drone x5  
  152  7:42  Drone  
  160  7:49  Roach x4  
  166  8:03  Drone  
  166  8:04  Baneling Nest, Overlord  
  166  8:07  Hatchery  
  128  8:30  Zergling x2  
  128  8:32  Zergling x2  
  111  8:34  Spore Crawler, Spire  
  111  8:35  Spore Crawler  
  111  8:37  Zergling x24, Spore Crawler x3  
  111  8:39  Spore Crawler  
  111  8:40  Spore Crawler  
  111  8:41  Spore Crawler x3, Drone  
  103  8:42  Spore Crawler  
  103  8:44  Spore Crawler  
  103  8:46  Drone x2  
  103  8:48  Spore Crawler  
  94  8:49  Spore Crawler  
  94  8:50  Spore Crawler, Drone x2  
  94  8:51  Spore Crawler  
  94  8:55  Spore Crawler  
  92  9:00  Drone x3  
  92  9:01  Drone  
  96  9:04  Drone  
  96  9:07  Drone  
  97  9:24  Drone x4  
  97  9:25  Drone x2  
  94  9:46  Corruptor  
  94  9:47  Corruptor x8  
  108  9:54  Drone x2, Zerg Flyer Weapons Level 1  
  108  9:55  Drone x3  
  113  10:02  Drone x5  
  113  10:03  Drone x2  
  120  10:16  Infestation Pit  
  120  10:20  Hatchery, Corruptor x2  
  122  10:26  Roach  
  122  10:27  Roach x3  
  130  10:31  Overseer  
  130  10:34  Corruptor x2  
  134  10:39  Drone x3  
  134  10:40  Drone x3  
  140  11:02  Corruptor x6  
  140  11:03  Drone, Corruptor  
  151  11:26  Corruptor x8  
  167  11:38  Neural Parasite  
  165  11:41  Burrow  
  163  11:47  Spire  
  163  11:52  Centrifical Hooks  
  162  11:54  Infestor x6  
  162  11:55  Infestor x3  
  162  11:56  Zergling x4  
  162  11:57  Zergling x2  
  162  11:59  Drone  
  184  12:05  Zergling x8  
  184  12:08  Zerg Melee Weapons Level 1  
  188  12:11  Evolution Chamber, Extractor  
  188  12:13  Pneumatized Carapace  
  186  12:15  Extractor  
  177  12:45  Zergling x22  
  188  12:55  Zerg Flyer Weapons Level 2  
  170  13:33  Hive  
  170  13:35  Roach x9  
  170  13:37  Overlord x3  
  170  13:38  Overlord  
  188  13:47  Zerg Ground Armor Level 1  
  188  13:57  Hatchery  
  182  14:09  Corruptor x13  
  176  14:10  Corruptor x5  
  176  14:13  Zerg Flyer Armor Level 1  
  176  14:14  Drone x3  
  199  14:20  Baneling  
  199  14:21  Baneling x18  
  199  14:22  Baneling x4  
  199  14:29  Zerg Melee Weapons Level 2  
  199  14:58  Hatchery, Unknown  
  185  15:07  Hydralisk Den  
  185  15:13  Zergling x6  
  185  15:14  Zergling x28  
  192  15:20  Hatchery  
  150  15:36  Corruptor x13  
  150  15:39  Baneling x7  
  150  15:40  Infestor x6, Baneling  
  174  15:48  Corruptor, Baneling x11  
  151  16:29  Corruptor  
  151  16:30  Corruptor x8  
  148  16:42  Drone x12  
  148  16:43  Drone x2  
  164  16:57  Extractor  
  157  17:01  Extractor  
  157  17:03  Infestor x4  
  164  17:10  Infestor  
  166  17:18  Muscular Augments, Hydralisk  
  168  17:26  Infestor  
  168  17:27  Zergling x2  
  168  17:28  Zergling x26  
  182  17:37  Baneling x5  
  162  18:07  Infestor  
  162  18:08  Infestor x3  
  159  18:14  Infestor  
  159  18:17  Zergling x18  
  159  18:18  Zergling x18  
  157  18:39  Corruptor x4  
Tags
 
Add a new tag
Caveats
  • Supply blocks, unpowered buildings, or Contaminate may cause inaccurate times.
  • Supply counts are checked every 10 seconds.